 Dungeon Crawl Stone Soup version 0.29-a0-892-g2c4c91d9db (webtiles) character file.

Game seed: 8022717547599420903

565 nicolae the Insei (level 7, -4/64 HPs)
             Began as an Octopode Transmuter on July 22, 2022.
             Killed from afar by an orc wizard (9 damage)
             ... with a puff of flame
             ... on level 4 of the Dungeon.
             The game lasted 00:12:00 (4562 turns).

nicolae the Insei (Octopode Transmuter)             Turns: 4562, Time: 00:12:01

Health: -4/64      AC:  1    Str:  9    XL:     7   Next: 32%
Magic:  10/10      EV: 13    Int: 18    God:
Gold:   188        SH:  0    Dex: 12    Spells: 4/10 levels left

rFire   . . .      SeeInvis .     - Unarmed
rCold   . . .      Faith    .   (no shield)
rNeg    . . .      Spirit   .   (helmet restricted)
rPois   .          Reflect  .   (no amulet)
rElec   .          Harm     .   (no ring)
rCorr   .          Rampage  .   (no ring)
Will    .....                   (no ring)
Stlth   ..........              (no ring)
HPRegen 0.20/turn               (no ring)
MPRegen 0.12/turn               (no ring)
                                (no ring)
                                (no ring)

@: confused, berserking, silenced, very quick
A: almost no armour, amphibious, 8 rings, camouflage 1, gelatinous body 1,
(nimble swimmer 1), tentacles
a: no special abilities


You were on level 4 of the Dungeon.
You visited 1 branch of the dungeon, and saw 4 of its levels.

You collected 188 gold pieces.

Inventory:

Missiles
 i - 5 javelins
 j - 10 poisoned darts
Scrolls
 c - a scroll of identify
 d - 2 scrolls of teleportation
 l - 3 scrolls of magic mapping
 o - a scroll of blinking {unknown}
Potions
 a - 2 potions of attraction
 b - 2 potions of brilliance
 e - a potion of resistance
 k - a potion of mutation {unknown}
 m - a potion of curing {unknown}


   Skills:
 - Level 1.0 Fighting
 - Level 2.0 Dodging
 + Level 5.1 Unarmed Combat
 - Level 2.0 Spellcasting
 - Level 5.0 Transmutations
 - Level 5.0 Poison Magic


You had 4 spell levels left.
You knew the following spells:

 Your Spells              Type           Power      Damage    Failure   Level
a - Beastly Appendage     Tmut           38%        N/A       2%          1
b - Wereblood             Tmut           19%        N/A       3%          2
c - Spider Form           Tmut/Pois      19%        N/A       7%          3

Your spell library contained the following spells:

 Spells                   Type           Power      Damage    Failure   Level
 Ice Form                 Ice/Tmut       10%        N/A       54%         4


Dungeon Overview and Level Annotations

Branches:
Dungeon (4/15)
 Temple: D:4-7

Altars:
Trog

Annotations:
D:4 1 runed translucent door, greasedhog's ghost, novice GrMo


Innate Abilities, Weirdness & Mutations

You cannot wear most types of armour.
You are amphibious.
You can wear up to eight rings at the same time.
Your skin changes colour to match your surroundings (Stealth+).
Your rubbery body absorbs attacks. (AC +1, EV +1)
((You are camouflaged when in or above water. (Stealth+)))
You have tentacles for arms and can constrict up to eight enemies at once.


Message History

Something barely misses you. The orc wizard closely misses you.
You tentacle-slap the orc wizard.
You kill the orc wizard!
Something barely misses you.
Your Unarmed Combat skill increases to level 5!
You miss something. Something hits you.
You barely miss something.
Your tentacle spike misses something.
Something barely misses you.
You barely miss something.
Your tentacle spike misses something.
Your tentacle-slap misses something.
Your squeeze misses something. Something hits you but does no damage.
You closely miss something.
Your tentacle spike misses something.
Your tentacle spike disappears.
Something barely misses you.
You closely miss something. You closely miss something.
Something completely misses you.
You miss something. Something hits you.
* * * LOW HITPOINT WARNING * * *
You barely miss something. Your squeeze misses something. Something hits you.
* * * LOW HITPOINT WARNING * * *
You barely miss something. Something hits you.
* * * LOW HITPOINT WARNING * * *
You closely miss something. You squeeze something. Something hits you.
* * * LOW HITPOINT WARNING * * *
It was a potion of berserk rage.
A red film seems to cover your vision as you go berserk!
You feel yourself moving faster!
You feel mighty! Something hits you.
* * * LOW HITPOINT WARNING * * *
You completely miss something. Something barely misses you.
You miss something. Your squeeze misses something. You barely miss something.
Your squeeze misses something. Something completely misses you.
You closely miss something. Your squeeze misses something.
You are confused.
You bump into the rock wall.
You completely miss something.
An orc wizard appears from thin air!
Reactivating autopickup.
The orc wizard casts a spell at you. The puff of flame hits you!
You die...

.#.........,,,..........'...#....
.#.........,,,..........#..,#....
##.........,,,,.........#'###+###
......###+#####'#................
......#.........#................
......'.........#................
......#.........#........).......
..(...#######..##................
.######P8P###..#@o...###)########
.#..<.#.[W#....#)....#...#
.'....##+##....).....#...#
.#####....##..>#.....##..#*******
....##....##...#......#+##*,,**,,
....+.....#....#......#,,,,,,*,,,
....#.....#....#......#,,,,,,*,,,
....#.....#....#......#,,,,,,****
....#..##.####.#......#,,**+***,,


You could see an orc wizard.

Vanquished Creatures
  Duvessa (D:4)
  A necrophage (D:4)
  An iguana (D:4)
  4 orc wizards
  Robin (D:4)
  5 adders
  A worm (D:2)
  A dart slug (D:1)
  4 orcs
  A giant cockroach (D:1)
  13 hobgoblins
  8 jackals (D:2)
  2 quokkas (D:2)
  5 ball pythons
  5 bats
  15 goblins
  8 kobolds
  5 rats
81 creatures vanquished.

Vanquished Creatures (collateral kills)
  A black bear (D:4)
  Dowan (D:4)
2 creatures vanquished.

Vanquished Creatures (others)
  2 withered plants (D:4)
2 creatures vanquished.

Grand Total: 85 creatures vanquished

Notes
Turn   | Place    | Note
-------+----------+-------------------------------------------
     0 | D:1      | nicolae the Octopode Transmuter began the quest for the
                  | Orb.
     0 | D:1      | Reached XP level 1. HP: 13/13 MP: 3/3
   351 | D:1      | Reached XP level 2. HP: 18/18 MP: 3/5
   354 | D:1      | Learned a level 2 spell: Wereblood
   494 | D:1      | Found a faded altar of an unknown god.
  1451 | D:2      | Reached XP level 3. HP: 23/23 MP: 6/6
  1455 | D:2      | Learned a level 3 spell: Spider Form
  1897 | D:2      | Reached XP level 4. HP: 22/28 MP: 4/7
  2537 | D:3      | Found a bloodstained altar of Trog.
  2814 | D:3      | Reached skill level 5 in Transmutations
  2824 | D:3      | Reached skill level 1 in Poison Magic
  2824 | D:3      | Reached XP level 5. HP: 25/33 MP: 6/8
  3455 | D:4      | Noticed Duvessa
  3577 | D:4      | Noticed Robin
  3593 | D:4      | Killed Robin
  3674 | D:4      | Reached XP level 6. HP: 28/38 MP: 6/9
  3992 | D:4      | Found a runed translucent door.
  3992 | D:4      | Noticed greasedhog's ghost (novice GrMo)
  4038 | D:4      | Noticed a black bear
  4045 | D:4      | Killed Duvessa
  4046 | D:4      | Reached skill level 5 in Poison Magic
  4049 | D:4      | Killed a black bear
  4050 | D:4      | Reached XP level 7. HP: 26/43 MP: 10/10
  4063 | D:4      | Noticed Dowan
  4069 | D:4      | Killed Dowan
  4546 | D:4      | Reached skill level 5 in Unarmed Combat
  4562 | D:4      | Killed from afar by an orc wizard

Illustrated notes

Levels and vault maps discovered:
D:1:      dpeg_arrival_water_fire, layout_basic,
          chequers_ecumenical_altar_island
D:2:      layout_rooms, hangedman_glass_teeth
D:3:      layout_basic, mainiacjoe_overflow_24_doors
D:4:      layout_gridville, mainiacjoe_overflow_tiny_flanked,
          gammafunk_ghost_grave, eino_curves_02,
          hangedman_abyss_or_decor_jellyfish_corner, uniq_robin, uniq_duvessa

Skill      XL: |  1  2  3  4  5  6  7 |
---------------+----------------------+-----
Transmutations | 3 4 5 |  5.0
Poison Magic   | 1 4 5 |  5.0
Unarmed Combat | 4 5 |  5.1
Fighting       | |  1.0
Dodging        | |  2.0
Spellcasting   | |  2.0

Action                   |  1- 3 |  4- 6 |  7- 9 || total
-------------------------+-------+-------+-------++-------
Melee: Unarmed           |    69 |   106 |    28 ||   203
       Tentacles         |    18 |    28 |     4 ||    50
       Constrict         |    17 |    22 |     4 ||    43
       Kick              |    12 |    33 |     4 ||    49
       Punch             |     2 |     3 |     1 ||     6
Throw: Dart              |       |     1 |       ||     1
 Cast: Beastly Appendage |    19 |    18 |     2 ||    39
       Wereblood         |     2 |     3 |       ||     5
  Use: Potion            |     1 |     4 |     1 ||     6
       Scroll            |       |    12 |     2 ||    14
 Stab: Sleeping          |     4 |     2 |       ||     6
       Distracted        |     1 |       |       ||     1
Armor: Skin              |     5 |    10 |     3 ||    18
Dodge: Dodged            |    23 |    53 |    17 ||    93

Table legend: (Time is in decaauts)
 A = Elapsed time spent in this place.
 B = Non-inter-level travel time spent in this place.
 C = Inter-level travel time spent in this place.
 D = Time resting spent in this place.
 E = Time spent auto-exploring this place.
 F = Levels seen in this place.
 G = Mean time per level.
                   A        B        C        D        E       F      G
               +--------+--------+--------+--------+--------+-----+--------+
         Total |   4550 |   4446 |    104 |   1148 |   2455 |   4 | 1137.5 |
       Dungeon |   4550 |   4446 |    104 |   1148 |   2455 |   4 | 1137.5 |
               +--------+--------+--------+--------+--------+-----+--------+

Top non-repeatable levels by time:
     D:2: 1330 daAuts
     D:3: 1192 daAuts
     D:1: 1105 daAuts
     D:4: 922 daAuts
